 Dungeon Crawl Stone Soup version 0.32-a0-893-gf85d74f360 (webtiles) character file.

Game seed: 14600587589398455121

127 BubbleThief the Sneak (level 4, -11/30 HPs)
             Began as a Vampire Enchanter on Apr 3, 2024.
             Mangled by a sickly merfolk siren (15 damage)
             ... in a sewer.
             The game lasted 00:05:10 (2024 turns).

BubbleThief the Sneak (Vampire Enchanter)           Turns: 2024, Time: 00:05:10

Health: -11/30     AC:  4    Str:  7    XL:     4   Next: 85%
Magic:  0/7        EV: 11    Int: 17    God:
Gold:   162        SH:  0    Dex: 16    Spells: 0/7 levels left

rFire   . . .        i - +1 dagger (pain)
rCold   . . .        (no shield)
rNeg    . . .        n - +1 animal skin
rPois   .            o - +0 helmet
rElec   .            (no cloak)
rCorr   .            (no gloves)
SInv    +            (no boots)
Will    .....        (no amulet)
Stlth   ++++         (no ring)
HPRegen 0.45/turn    (no ring)
MPRegen 0.10/turn

%: no passive effects
@: confusing by touch, very slightly contaminated, healing quickly
A: alive, fangs 3, see invisible, vampiric 2
a: Exsanguinate


You were in a sewer.
You visited 1 branch of the dungeon, and saw 3 of its levels.
You also visited: Sewer.

You collected 162 gold pieces.

Inventory:

Hand Weapons
 a - a +1 dagger
 i - a +1 dagger of pain (weapon)
Armour
 n - a +1 animal skin (worn)
 o - a +0 helmet (worn)
Jewellery
 e - a ring of fire
 q - a ring of willpower
Scrolls
 b - a scroll of amnesia {unknown}
 d - a scroll of identify {unknown}
 j - a scroll of poison {unknown}
 k - 3 scrolls of teleportation {unknown}
 m - a scroll of silence {unknown}
Potions
 c - 2 potions of invisibility
 f - a potion of brilliance {unknown}
 g - a potion of haste {unknown}
 h - a potion of berserk rage {unknown}
 l - a potion of magic {unknown}
 p - a potion of enlightenment {unknown}
 r - a potion of curing {unknown}


   Skills:
 - Level 1.1 Short Blades
 - Level 2.1 Dodging
 + Level 6.9 Stealth
 - Level 2.0 Spellcasting
 + Level 6.5 Hexes


You couldn't memorise any spells.
You knew the following spells:

 Your Spells              Type           Power      Damage    Failure   Level
a - Ensorcelled Hibernat  Hex/Ice        24%        N/A       8%          2
b - Blink                 Tloc           2%         N/A       28%         2
c - Confusing Touch       Hex            24%        N/A       4%          3

Your spell library contained the following spells:

 Spells                   Type           Power      Damage    Failure   Level
 Tukima's Dance           Hex            24%        N/A       4%          3
 Dazzling Flash           Conj/Hex       24%        N/A       16%         3
 Magic Dart               Conj           4%         1d3       19%         1
 Call Imp                 Summ           2%         N/A       28%         2


Dungeon Overview and Level Annotations

Branches:
Dungeon (3/15)              Sewer (1/1)

Altars:


Innate Abilities, Weirdness & Mutations

Your natural rate of healing is accelerated.
You have razor-sharp teeth.
You have supernaturally acute eyesight. (SInv)
You are afflicted with vampirism and can become a bat while bloodless.


Message History

You hit the frilled lizard.
You kill the frilled lizard!
You hit the rat. You bite the rat, but do no damage.
The rat is heavily wounded.
Casting: Ensorcelled Hibernation (safe; 8% risk of failure)
Confirm with . or Enter, or press ? or * to list all spells.
Aiming: Ensorcelled Hibernation (safe; 8% risk of failure)
Press: ? - help, Shift-Dir - straight line, f - sickly merfolk siren
Aim: a sickly merfolk siren (chance to affect: 15%)
The sickly merfolk siren resists with almost no effort.
Unknown command.
Casting: Ensorcelled Hibernation (safe; 8% risk of failure)
Confirm with . or Enter, or press ? or * to list all spells.
Okay, then.
Unknown command.
You hit the sickly merfolk siren.
The sickly merfolk siren is lightly wounded.
The sickly merfolk siren hits you.
Casting: Blink (quite dangerous; 28% risk of failure)
Confirm with . or Enter, or press ? or * to list all spells.
You miscast Blink.
You are very lightly contaminated with residual magic.
Nothing appears to happen.
The sickly merfolk siren hits you.
Unknown command.
Casting: Blink (quite dangerous; 28% risk of failure)
Confirm with . or Enter, or press ? or * to list all spells.
Your hands begin to glow red.
The sickly merfolk siren hits you!
Ouch! That really hurt!
* * * LOW HITPOINT WARNING * * *
You barely miss the sickly merfolk siren.
The sickly merfolk siren is lightly wounded.
The sickly merfolk siren chants a haunting song.
You are mesmerised by the sickly merfolk siren!
Unknown command.
You hit the sickly merfolk siren but do no damage.
The sickly merfolk siren is lightly wounded.
You break out of your daze!
The sickly merfolk siren hits you!
Ouch! That really hurt!
You die...

#####.~~~###
.†...~~~~∩∩#
############
≈≈≈≈≈≈≈~≈##########
##
.~..~~~~~~~†~~~~≈≈#
$$#
..#############~~≈###
.r ### #.#≈≈≈###~####
#.##r~~~~~≈≈≈#
#.@mr...~~~≈~#
#######...~~~#
#...~~~ ##...~ ###


You could see a sickly merfolk siren and 2 rats.

Vanquished Creatures
  Terence (D:2)
  Robin (D:2)
  An adder (D:3)
  A river rat (Sewer)
  A ribbon worm (D:2)
  An orc (D:3)
  2 endoplasms
  2 giant cockroaches
  12 goblins
  8 hobgoblins
  3 jackals (D:1)
  4 kobolds
  2 quokkas (Sewer)
  4 ball pythons
  5 bats
  7 frilled lizards
  13 rats
68 creatures vanquished.

Notes
Turn   | Place    | Note
-------+----------+-------------------------------------------
     0 | D:1      | BubbleThief the Vampire Enchanter began the quest for the
                  | Orb.
     0 | D:1      | Reached XP level 1. HP: 13/13 MP: 3/3
   193 | D:1      | Reached XP level 2. HP: 18/19 MP: 5/5
   220 | D:1      | Reached skill level 5 in Stealth
   226 | D:1      | Reached skill level 5 in Hexes
   337 | D:1      | Learned a level 2 spell: Ensorcelled Hibernation
   654 | D:2      | Gained mutation: You are afflicted with vampirism and can
                  | become a bat while bloodless. [Vampire growth]
   654 | D:2      | Reached XP level 3. HP: 24/24 MP: 6/6
   770 | D:2      | Learned a level 2 spell: Blink
   859 | D:2      | Noticed Terence
   862 | D:2      | Killed Terence
   947 | D:2      | Reached XP level 4. HP: 17/30 MP: 7/7
  1108 | D:2      | Noticed Robin
  1361 | D:2      | Learned a level 3 spell: Confusing Touch
  1459 | D:2      | Killed Robin
  1749 | D:3      | Found a faded altar of an unknown god.
  1896 | D:3      | Found a glowing drain.
  1910 | Sewer    | Entered a sewer
  2024 | Sewer    | Mangled by a sickly merfolk siren

Illustrated notes

Levels and vault maps discovered:
D:1:      elethiomel_arrival_quiet, layout_rooms, serial_rivers,
          chequers_serial_rivers_large_b, chequers_serial_rivers_large_a,
          chequers_serial_rivers_micro_b, chequers_serial_rivers_micro_c,
          chequers_serial_rivers_small_b, chequers_serial_rivers_micro_b
D:2:      layout_rooms, hangedman_decor_peaks_small, minmay_tetromino_i4,
          uniq_terence, uniq_robin
D:3:      layout_basic, portal_sewer_entry_d, chequers_ecumenical_altar_simple
Sewer:    sewer_sea

Skill      XL: |  1  2  3  4 |
---------------+-------------+-----
Stealth        | 5 6 |  6.9
Hexes          | 5 6 |  6.5
Short Blades   | |  1.1
Dodging        | |  2.1
Spellcasting   | |  2.0

Action                     |  1- 3 |  4- 6 || total
---------------------------+-------+-------++-------
  Melee: Dagger            |   112 |    75 ||   187
         Bite              |     7 |     8 ||    15
   Cast: Ensorcelled Hiber |     1 |    13 ||    14
         Blink             |       |     1 ||     1
         Confusing Touch   |       |     1 ||     1
   Stab: Sleeping          |     7 |    12 ||    19
 Armour: Robe              |    79 |    18 ||    97
         Animal skin       |       |    14 ||    14
  Dodge: Dodged            |    79 |    35 ||   114

Table legend: (Time is in decaauts)
 A = Elapsed time spent in this place.
 B = Non-inter-level travel time spent in this place.
 C = Inter-level travel time spent in this place.
 D = Time resting spent in this place.
 E = Time spent auto-exploring this place.
 F = Levels seen in this place.
 G = Mean time per level.
                   A        B        C        D        E       F      G
               +--------+--------+--------+--------+--------+-----+--------+
         Total |   2069 |   1939 |    130 |      0 |   1407 |   4 |  517.2 |
       Dungeon |   1945 |   1815 |    130 |      0 |   1361 |   3 |  648.3 |
         Sewer |    124 |    124 |      0 |      0 |     46 |   1 |  124.0 |
               +--------+--------+--------+--------+--------+-----+--------+

Top non-repeatable levels by time:
     D:2: 842 daAuts
     D:1: 815 daAuts
     D:3: 287 daAuts
   Sewer: 124 daAuts
